 Dungeon Crawl Stone Soup version 0.29.1-2-gbd0b4ee654 (webtiles) character file.

Game seed: 2008370947138344366

4197 GigaChad the Cleaver (level 10, -6/89 (91) HPs)
             Began as a Minotaur Fighter on Nov 21, 2022.
             Was a Priest of Nemelex Xobeh.
             Mangled by an orc warrior
             ... wielding a +1 halberd of electrocution
              (19 damage)
             ... in a bailey.
             The game lasted 00:13:38 (9198 turns).

GigaChad the Cleaver (Minotaur Fighter)             Turns: 9198, Time: 00:13:47

HP:   -6/89 (91)    AC: 15    Str: 25    XL:     10   Next: 8%
MP:   9/9           EV:  7    Int:  5    God:    Nemelex Xobeh [***...]
Gold: 378           SH:  5    Dex: 10    Spells: 9/9 levels left

rFire   . . .      SeeInvis .   s - +4 war axe
rCold   . . .      Faith    .   c - +0 buckler
rNeg    . . .      Spirit   .   t - +1 plate armour
rPois   .          Reflect  .   (helmet restricted)
rElec   .          Harm     .   (no cloak)
rCorr   .          Rampage  .   (no gloves)
Will    .....                   (no boots)
Stlth   ..........              (no amulet)
HPRegen 0.24/turn               q - +4 ring of slaying
MPRegen 0.11/turn               (no ring)

@: lightly drained
A: horns 2, retaliatory headbutt
a: Renounce Religion, Draw Escape, Draw Destruction, Draw Summoning, Triple Draw


You were in a bailey.
You worshipped Nemelex Xobeh.
Nemelex Xobeh was most pleased with you.
You visited 2 branches of the dungeon, and saw 9 of its levels.
You also visited: Bailey.

You collected 378 gold pieces.

Inventory:

Hand Weapons
 a - a +1 war axe
 s - a +4 war axe (weapon)
 y - a +1 flail of protection
 C - a +2 trident
 F - a +1 flail
 G - a +3 halberd
 H - a +2 scimitar
Missiles
 u - 5 javelins (quivered)
Armour
 b - a +0 scale mail
 c - a +0 buckler (worn)
 m - a scarf of harm
 t - a +1 plate armour (worn)
Jewellery
 j - a ring of magical power
 k - an amulet of magic regeneration
 q - a +4 ring of slaying (left hand)
 x - a ring of see invisible
Wands
 A - a wand of flame (26)
 D - a wand of iceblast (7)
 E - a wand of quicksilver (4)
Scrolls
 e - 4 scrolls of fog
 f - 8 scrolls of identify
 h - 3 scrolls of teleportation
 n - 2 scrolls of magic mapping
Potions
 d - 3 potions of might
 g - a potion of cancellation {unknown}
 i - 4 potions of ambrosia {unknown}
 l - 2 potions of attraction {unknown}
 o - 3 potions of invisibility {unknown}
 p - 3 potions of curing {unknown}
 r - 2 potions of brilliance {unknown}
 v - 3 potions of mutation {unknown}
 w - a potion of lignification {unknown}
 z - a potion of flight {unknown}
 B - 2 potions of magic {unknown}


   Skills:
 + Level 9.3 Fighting
 - Level 10.9 Axes
 + Level 9.3 Armour
 - Level 1.6 Dodging
 - Level 0.4 Stealth
 * Level 7.4 Shields


You had 9 spell levels left.
You didn't know any spells.
Your spell library contained the following spells:

 Spells                   Type           Power      Damage    Failure   Level
 Gell's Gravitas          Tloc           0%         N/A       100%        3
 Ozocubu's Armour         Ice            0%         N/A       100%        3
 Teleport Other           Tloc           0%         N/A       100%        3
 Dispersal                Tloc           0%         N/A       100%        6
 Ozocubu's Refrigeration  Ice            0%         4d7       100%        7


Dungeon Overview and Level Annotations

Branches:
Dungeon (8/15)             Temple (1/1) D:5          Bailey (1/1)
   Lair: D:8-11

Altars:
Ashenzari
Cheibriados
Dithmenos
Elyvilon
Fedhas
Gozag
Hepliaklqana
Kikubaaqudgha
Makhleb
Nemelex Xobeh
Ru
Sif Muna
Trog
Uskayaw
Vehumet
Wu Jian
Xom
Yredelemnul
Zin
The Shining One

Shops:
D:7 [

Annotations:
D:6 2 transporters, Barsook's ghost, novice MiBe


Innate Abilities, Weirdness & Mutations

You have a pair of horns on your head.
You reflexively headbutt those who attack you in melee.


Message History

You kill the orc!
Things that are here:
a +0 halberd; a +0 scale mail; an orc corpse
There is an open door here.
There is an open door here.
There is an open door here.
You open the door.
A gnoll comes into view.
It is wielding a +2 halberd of draining.
The gnoll shouts!
The gnoll barely misses you. The gnoll barely misses you.
You furiously retaliate!
You headbutt the gnoll!
You kill the gnoll!
There is an open door here.
You see here a +2 halberd of draining.
You open the door.
An orc warrior and 3 gnolls come into view.
A gnoll is wielding a +2 halberd of electrocution.
The orc warrior is wielding a +1 halberd of electrocution.
A gnoll is wielding a +1 halberd of electrocution.
A gnoll is wielding a +0 halberd of electrocution.
The gnoll shouts! x2
Found five items.
There is an open door here.
There is an open door here.
The gnoll barely misses you. You block the gnoll's attack.
The orc warrior hits you from afar with a +1 halberd of electrocution!
The gnoll hits you from afar with a +0 halberd of electrocution.
The gnoll hits you with a +0 halberd of electrocution.
You are electrocuted!
The orc warrior completely misses you. The gnoll barely misses you.
The gnoll hits you with a +0 halberd of electrocution.
The orc warrior closely misses you.
You slice the gnoll!!
You kill the gnoll!
The orc warrior barely misses you.
The gnoll hits you from afar with a +2 halberd of electrocution!
You are electrocuted!!
The orc warrior hits you with a +1 halberd of electrocution!
* * * LOW HITPOINT WARNING * * *
You are electrocuted!!
You die...
Your body glows with a rainbow of weird colours and disappears.

#.###)###.#.#
#)# #'# ###
#### ###
#.###.# #.#.#
##'##'##'# #+
+##+ ##.).).#
!.!#
###.)...###
!.!.#
#.'..⌠..'.#
.g.!+
###.....###
.!.! ##....@##
#!o
##'##'##o###'#
#.###.###gg)#
### ### #####


You could see an orc warrior and 2 gnolls.

Vanquished Creatures
  A two-headed ogre (D:6)
  A hornet (D:7)
  Grinder (D:6)
  Eustachio (D:6)
  A steam dragon (D:7)
  Menkaure (D:4)
  An ice beast (D:5)
  A sky beast (D:7)
  A black bear (D:6)
  4 ogres
  A centaur (D:6)
  2 phantoms (D:6)
  2 bullfrogs (D:6)
  A necrophage (D:6)
  2 scorpions (D:6)
  14 wights
  4 killer bees (D:7)
  3 howler monkeys
  2 jellies (D:6)
  2 orc priests (D:7)
  4 iguanas
  2 orc wizards (D:4)
  12 gnolls
  14 adders
  A shadow imp (D:6)
  3 white imps
  An ufetubus (D:6)
  4 worms
  2 dart slugs
  25 orcs
  7 endoplasms
  4 giant cockroaches
  9 goblins
  3 hobgoblins
  3 jackals (D:4)
  6 kobolds
  2 quokkas
  3 ball pythons
  6 bats
  3 frilled lizards
  8 rats
168 creatures vanquished.

Notes
Turn   | Place    | Note
-------+----------+-------------------------------------------
     0 | D:1      | GigaChad the Minotaur Fighter began the quest for the Orb.
     0 | D:1      | Reached XP level 1. HP: 19/19 MP: 0/0
   292 | D:1      | Reached XP level 2. HP: 27/27 MP: 1/1
  1003 | D:2      | Reached skill level 3 in Axes
  1007 | D:2      | Reached XP level 3. HP: 30/33 MP: 2/2
  1043 | D:2      | Found a faded altar of an unknown god.
  1056 | D:2      | Prayed at the altar of an unknown god.
  1056 | D:2      | Became a worshipper of Nemelex Xobeh the Trickster
  1056 | D:2      | Reached * piety under Nemelex Xobeh
  1056 | D:2      | Received a gift from Nemelex Xobeh
  1630 | D:2      | Reached XP level 4. HP: 38/40 MP: 3/3
  1870 | D:3      | Reached skill level 4 in Axes
  2044 | D:3      | Found a sparkling altar of Nemelex Xobeh.
  2215 | D:3      | Received a gift from Nemelex Xobeh
  2582 | D:3      | Found a hide-covered altar of Uskayaw.
  2585 | D:3      | Found an ornate altar of the Wu Jian Council.
  2592 | D:3      | Found a glowing golden altar of the Shining One.
  2597 | D:3      | Found a radiant altar of Vehumet.
  2609 | D:3      | Found a shimmering blue altar of Sif Muna.
  2609 | D:3      | Reached ** piety under Nemelex Xobeh
  2614 | D:3      | Found a shimmering altar of Xom.
  2777 | D:4      | Reached XP level 5. HP: 17/47 MP: 4/4
  2994 | D:4      | Noticed an ogre
  2995 | D:4      | Noticed an ogre
  2997 | D:4      | Killed an ogre
  2998 | D:4      | Reached skill level 5 in Axes
  2998 | D:4      | Reached skill level 5 in Armour
  3002 | D:4      | Killed an ogre
  3003 | D:4      | Reached skill level 1 in Dodging
  3003 | D:4      | Reached XP level 6. HP: 14/55 MP: 5/5
  3261 | D:4      | Reached skill level 6 in Axes
  3372 | D:4      | Reached skill level 5 in Fighting
  3462 | D:4      | Noticed Menkaure
  3467 | D:4      | Killed Menkaure
  3468 | D:4      | Reached XP level 7. HP: 59/61 MP: 6/6
  3783 | D:5      | Entered Level 5 of the Dungeon
  3885 | D:5      | Found a staircase to the Ecumenical Temple.
  3900 | Temple   | Entered the Ecumenical Temple
  4304 | D:5      | Reached skill level 7 in Axes
  5378 | D:6      | Reached XP level 8. HP: 69/70 MP: 7/7
  5400 | D:6      | Noticed Eustachio
  5411 | D:6      | Killed Eustachio
  5412 | D:6      | Reached skill level 8 in Axes
  5412 | D:6      | Reached skill level 5 in Shields
  5482 | D:6      | Noticed Barsook's ghost (novice MiBe)
  5483 | D:6      | Found a transporter.
  5485 | D:6      | Noticed a cyclops
  5671 | D:6      | Noticed a two-headed ogre
  5680 | D:6      | Killed a two-headed ogre
  5681 | D:6      | Reached skill level 9 in Axes
  5681 | D:6      | Reached XP level 9. HP: 20/79 MP: 8/8
  5941 | D:6      | Found a transporter.
  6345 | D:6      | Reached *** piety under Nemelex Xobeh
  6513 | D:6      | Noticed Grinder
  6521 | D:6      | Paralysed by Grinder for 2 turns
  6525 | D:6      | Paralysed by Grinder for 4 turns
  6531 | D:6      | Killed Grinder
  6764 | D:7      | Reached skill level 10 in Axes
  6795 | D:7      | HP: 4/82 [poisoned by a hornet]
  7650 | D:7      | Found Qumaoheo's Armour Emporium.
  8228 | D:8      | Reached XP level 10. HP: 83/88 MP: 9/9
  8312 | D:8      | Received a gift from Nemelex Xobeh
  8389 | D:8      | Found an ancient bone altar of Kikubaaqudgha.
  8521 | D:8      | Found a flagged portal.
  8533 | Bailey   | Entered a bailey
  9198 | Bailey   | Mangled by an orc warrior

Illustrated notes

Levels and vault maps discovered:
D:1:      nzn_arrival_settlement, layout_loops_ring
D:2:      layout_rooms, basic_ecumenical_altar
D:3:      layout_loops_ring, mainiacjoe_overflow_boulevard,
          nicolae_overflow_hallway_of_the_gods
D:4:      layout_basic, uniq_menkaure
D:5:      layout_loops_cross, minmay_temple_entry_slanted,
          roderic_serpentine_path
D:6:      layout_loops_corners, gammafunk_ghost_arena, gup_sewer_entry_spiral,
          minmay_statues_item, uniq_eustachio, uniq_grinder
D:7:      layout_loops_ring, serial_shops, kennysheep_mini, serial_glass,
          glass_columns_a, glass_columns_a
D:8:      layout_basic, lemuel_round_altar, enter_bailey_5,
          kennysheep_decorative_pillar, chequers_serial_rivers_room_b
Temple:   nicolae_temple_ecumenical_triangle
Bailey:   bailey_polearm_nasty_gnolls, bailey

Skill      XL: |  1  2  3  4  5  6  7  8  9 |
---------------+----------------------------+-----
Fighting       | 4 5 7 9 |  9.3
Armour         | 4 5 7 8 9 |  9.3
Axes           | 3 4 5 6 7 9 10 | 10.9
Shields        | 4 5 7 |  7.4
Dodging        | 1 |  1.6
Stealth        | |  0.4

Action                   |  1- 3 |  4- 6 |  7- 9 | 10-12 || total
-------------------------+-------+-------+-------+-------++-------
Melee: War axe           |    51 |    70 |   193 |    37 ||   351
       Headbutt          |    11 |    10 |    37 |    11 ||    69
       Scimitar          |       |       |       |     4 ||     4
Invok: Draw Destruction  |       |       |       |     1 ||     1
  Use: Scroll            |     1 |       |     9 |       ||    10
Armor: Scale mail        |    21 |    20 |       |       ||    41
       Plate armour      |       |    30 |   111 |    20 ||   161
Dodge: Dodged            |    25 |    21 |    61 |    18 ||   125
Block: Buckler           |    12 |     9 |    42 |    17 ||    80
